 Dungeon Crawl Stone Soup version 0.29.0-4-gdea44cf6ec (webtiles) character file.

Game seed: 14855760665720551564

105 qw the Sneak (level 4, -1/28 HPs)
             Began as a Gargoyle Delver on Sept 10, 2022.
             Slain by a black bear (2 damage)
             ... on level 4 of the Dungeon.
             The game lasted 00:00:22 (1155 turns).

qw the Sneak (Gargoyle Delver)                      Turns: 1155, Time: 00:00:23

Health: -1/28      AC:  7    Str: 18    XL:     4   Next: 83%
Magic:  4/4        EV: 11    Int: 10    God:
Gold:   39         SH:  0    Dex: 11    Spells: 3/3 levels left

rFire   . . .      SeeInvis .   Y - +0 hand axe
rCold   . . .      Faith    .   (no shield)
rNeg    + . .      Spirit   .   b - +0 leather armour
rPois   inf        Reflect  .   (no helmet)
rElec   +          Harm     .   h - +0 cloak
rCorr   .          Rampage  .   (no gloves)
Will    .....                   (no boots)
Stlth   +++.......              (no amulet)
HPRegen 0.09/turn               (no ring)
MPRegen 0.09/turn               (no ring)

@: no status effects
A: sickness immunity, AC +3, negative energy resistance 1, electricity
resistance, torment resistance 1, petrification resistance
a: no special abilities


You were on level 4 of the Dungeon.
You visited 2 branches of the dungeon, and saw 3 of its levels.

You collected 39 gold pieces.


Innate Abilities, Weirdness & Mutations

You are immune to sickness and miasma.
Your stone body is resilient. (AC +3)
You are immune to poison.
You resist negative energy. (rN+)
You are resistant to electric shocks. (rElec)
You are resistant to unholy torment.
You are immune to petrification.


   Skills:
 - Level 3.2 Fighting
 + Level 4.4 Axes
 - Level 1.5 Dodging
 - Level 5.4 Stealth


You had 3 spell levels left.
You didn't know any spells.
Your spell library was empty.

Inventory:

Hand Weapons
 e - a +0 club
 Y - a +0 hand axe (weapon)
Armour
 a - a +0 helmet
 b - a +0 leather armour (worn)
 h - a +0 cloak (worn)
Wands
 g - a wand of digging (3)
Potions
 c - a potion of mutation {unknown}
 f - 2 potions of haste
 i - a potion of attraction {unknown}

Dungeon Overview and Level Annotations

Branches:
Dungeon (5/15)             Temple (1/1) D:4

Altars:
Dithmenos
Elyvilon
Gozag
Hepliaklqana
Kikubaaqudgha
Makhleb
Nemelex Xobeh
Ru
Vehumet
Zin


Message History

Found 5 stones.
You now have 39 gold pieces (gained 11).
You hit the black bear.
The black bear is lightly wounded.
The black bear bites you.
The black bear claws you but does no damage. x2
You hit the black bear but do no damage.
The black bear is lightly wounded.
The black bear closely misses you.
The black bear claws you but does no damage.
The black bear barely misses you.
You hit the black bear.
The black bear is moderately wounded.
The black bear closely misses you. The black bear barely misses you.
The black bear claws you but does no damage.
You barely miss the black bear.
The black bear is moderately wounded.
The black bear bites you. The black bear barely misses you.
The black bear claws you.
You hit the black bear but do no damage.
The black bear is moderately wounded.
The black bear bites you but does no damage.
The black bear claws you.
The black bear claws you but does no damage.
You barely miss the black bear.
The black bear is moderately wounded.
The black bear bites you. The black bear claws you.
The black bear barely misses you.
You hit the black bear.
The black bear is heavily wounded.
The black bear barely misses you.
The black bear claws you but does no damage. x2
You hit the black bear but do no damage.
The black bear is heavily wounded.
The black bear bites you. The black bear closely misses you.
The black bear claws you but does no damage.
You barely miss the black bear.
The black bear is heavily wounded.
The black bear bites you. The black bear claws you.
You die...

...####..######...##..##.##
.... #....................
... #..%........<........
... #....................
.# #.###.###..###.##..##
##.###.###+####.##..#
#.................. ..
#.................. >
#..........@h.(..$.
#.###.###.########. # #.
#.# .. ... #.. +.... ###
#+###. ..


You could see a black bear.

Vanquished Creatures
  A necrophage (D:4)
  A hound (D:4)
  An adder (D:4)
  A ball python (D:4)
  An endoplasm (D:4)
  A goblin (D:4)
  A hobgoblin (D:4)
  A quokka (D:4)
8 creatures vanquished.

Notes
Turn   | Place    | Note
-------+----------+-------------------------------------------
     0 | D:5      | qw the Gargoyle Delver began the quest for the Orb.
     0 | D:5      | Reached XP level 1. HP: 14/14 MP: 1/1
     0 | D:5      | 0 ||| qw: Version: 0.1-a-116-g5d60599
     0 | D:5      | 0 ||| qw: Game counter: 7883
     0 | D:5      | 0 ||| qw: Always use a shield: true
     0 | D:5      | 0 ||| qw: God list: Okawaru
     0 | D:5      | 0 ||| qw: Allow faded altars: false
     0 | D:5      | 0 ||| qw: Do Orc after D:15 true
     0 | D:5      | 0 ||| qw: Do second Lair branch before Depths: true
     0 | D:5      | 0 ||| qw: Lair rune preference: random
     0 | D:5      | 0 ||| qw: Plans: Normal
     0 | D:5      | 0 ||| PLANNING D:1-11
     0 | D:5      | 0 ||| DROPPING scroll of fog.
     1 | D:5      | 1 ||| DROPPING scroll of magic mapping.
     2 | D:5      | 2 ||| DROPPING scroll of fear.
    23 | D:4      | 23 ||| Stepping ~*~*~tactically~*~*~ (stealth).
    34 | D:4      | HP: 3/14 [ball python (2)]
   302 | D:4      | Noticed a hound
   317 | D:4      | HP: 2/14 [hound (4)]
   318 | D:4      | Killed a hound
   319 | D:4      | Reached skill level 3 in Axes
   319 | D:4      | Reached XP level 2. HP: 3/19 MP: 2/2
   319 | D:4      | Reached XP level 3. HP: 4/23 MP: 3/3
   616 | D:4      | 616 ||| Stepping ~*~*~tactically~*~*~ (stealth).
   617 | D:4      | 617 ||| Stepping ~*~*~tactically~*~*~ (stealth).
   620 | D:4      | 620 ||| Stepping ~*~*~tactically~*~*~ (stealth).
   622 | D:4      | 622 ||| Stepping ~*~*~tactically~*~*~ (stealth).
   626 | D:4      | 626 ||| Stepping ~*~*~tactically~*~*~ (stealth).
   627 | D:4      | 627 ||| Stepping ~*~*~tactically~*~*~ (stealth).
   629 | D:4      | 629 ||| Stepping ~*~*~tactically~*~*~ (stealth).
   631 | D:4      | 631 ||| Stepping ~*~*~tactically~*~*~ (stealth).
   633 | D:4      | 633 ||| Stepping ~*~*~tactically~*~*~ (stealth).
   636 | D:4      | 636 ||| Stepping ~*~*~tactically~*~*~ (stealth).
   641 | D:4      | Found a staircase to the Ecumenical Temple.
   642 | D:4      | 642 ||| PLANNING TEMPLE
   642 | D:4      | 642 ||| Stepping ~*~*~tactically~*~*~ (stealth).
   644 | D:4      | 644 ||| Stepping ~*~*~tactically~*~*~ (stealth).
   645 | D:4      | 645 ||| Stepping ~*~*~tactically~*~*~ (stealth).
   647 | D:4      | 647 ||| Stepping ~*~*~tactically~*~*~ (stealth).
   648 | D:4      | 648 ||| Stepping ~*~*~tactically~*~*~ (stealth).
   688 | D:4      | Noticed a necrophage
   707 | D:4      | HP: 4/23 [necrophage (6)]
   709 | D:4      | Killed a necrophage
   710 | D:4      | Reached XP level 4. HP: 5/28 MP: 4/4
  1014 | D:4      | 1014 ||| UPGRADING to +0 cloak.
  1019 | D:4      | 1019 ||| READING scroll labelled KEADONL QAQICUPITA.
  1051 | Temple   | Entered the Ecumenical Temple
  1065 | Temple   | 1065 ||| PLANNING D:1-11
  1099 | D:4      | 1099 ||| Stepping ~*~*~tactically~*~*~ (stealth).
  1101 | D:4      | 1101 ||| Stepping ~*~*~tactically~*~*~ (stealth).
  1102 | D:4      | Noticed a black bear
  1103 | D:4      | 1103 ||| Stepping ~*~*~tactically~*~*~ (stealth).
  1104 | D:4      | 1104 ||| Stepping ~*~*~tactically~*~*~ (stealth).
  1106 | D:4      | 1106 ||| Stepping ~*~*~tactically~*~*~ (stealth).
  1108 | D:4      | 1108 ||| Stepping ~*~*~tactically~*~*~ (stealth).
  1109 | D:4      | 1109 ||| Stepping ~*~*~tactically~*~*~ (stealth).
  1110 | D:4      | 1110 ||| Stepping ~*~*~tactically~*~*~ (stealth).
  1113 | D:4      | 1113 ||| Stepping ~*~*~tactically~*~*~ (stealth).
  1152 | D:4      | HP: 5/28 [black bear (3)]
  1155 | D:4      | HP: 1/28 [black bear (2)]
  1155 | D:4      | Slain by a black bear

Levels and vault maps discovered:
D:4:      layout_gridville, mainiacjoe_overflow_small_starburst,
          okawaru_altar_gauntlet_db, temple_pool_b, uniq_sigmund
D:5:      layout_rooms, trog_three_pillars_becter, grunt_temple_overflow_open,
          cheibriados_altar_1, kennysheep_doodads, serial_bayou_pond_e
Temple:   hellmonk_temple_rainy

Skill      XL: |  1  2  3 |
---------------+----------+-----
Axes           | 3 4 |  4.4
Fighting       | |  3.2
Dodging        | |  1.5
Stealth        | |  5.4

Action                   |  1- 3 |  4- 6 || total
-------------------------+-------+-------++-------
Melee: Hand axe          |    38 |    18 ||    56
  Use: Scroll            |       |     1 ||     1
Armor: Leather armour    |    10 |    11 ||    21
Dodge: Dodged            |    21 |    12 ||    33

Table legend:
 A = Non-vault XP
 B = Vault XP
 C = Vault XP percentage of total XP
 D = Non-vault monster count
 E = Vault monster count
 F = Vault count percentage of total count
                 A         B        C        D         E       F
            +---------+---------+-------+---------+---------+-------
      Total |     151 |       0 |   0.0 |       8 |       0 |   0.0
            +---------+---------+-------+---------+---------+-------
        D:4 |     151 |       0 |   0.0 |       8 |       0 |   0.0
            +---------+---------+-------+---------+---------+-------
